 Dungeon Crawl Stone Soup version 0.29.1-2-gbd0b4ee654 (webtiles) character file.

Game seed: 8151596573152412732

83 mortz the Sneak (level 4, -7/24 HPs)
             Began as a Kobold Earth Elementalist on Nov 12, 2022.
             Mangled by an iguana (10 damage)
             ... on level 3 of the Dungeon.
             The game lasted 00:08:18 (2519 turns).

mortz the Sneak (Kobold Earth Elementalist)         Turns: 2519, Time: 00:08:18

Health: -7/24      AC:  2    Str:  5    XL:     4   Next: 71%
Magic:  3/8        EV: 15    Int: 18    God:
Gold:   14         SH:  0    Dex: 15    Spells: 3/9 levels left

rFire   . . .      SeeInvis .   a - +0 dagger
rCold   . . .      Faith    .   (no shield)
rNeg    . . .      Spirit   .   f - +0 robe
rPois   .          Reflect  .   (no helmet)
rElec   .          Harm     .   (no cloak)
rCorr   .          Rampage  .   (no gloves)
Will    .....                   (no boots)
Stlth   ++++......              (no amulet)
HPRegen 0.08/turn               (no ring)
MPRegen 0.11/turn               (no ring)

@: no status effects
A: small, no large weapons, nightstalker 3
a: no special abilities


You were on level 3 of the Dungeon.
You visited 1 branch of the dungeon, and saw 3 of its levels.

You collected 47 gold pieces.
You spent 33 gold pieces at shops.

Inventory:

Hand Weapons
 a - a +0 dagger (weapon)
 c - a +0 short sword
 e - a +0 hand axe
 i - a +0 dagger
 l - a +0 dagger
 n - a +0 dagger
Armour
 f - a +0 robe (worn)
 h - a +0 leather armour
Jewellery
 m - an amulet of guardian spirit
Wands
 r - a wand of paralysis (3)
Scrolls
 d - a scroll of magic mapping {unknown}
 g - a scroll of summoning {unknown}
 q - a scroll of amnesia {unknown}
 t - a scroll of teleportation {unknown}
Potions
 b - a potion of magic
 j - a potion of invisibility
 k - a potion of curing
 o - 3 potions of heal wounds
 p - 2 potions of lignification
 s - a potion of berserk rage
 u - a potion of flight {unknown}


   Skills:
 + Level 3.0 Dodging
 + Level 3.8 Stealth
 + Level 3.1 Spellcasting
 + Level 1.1 Transmutations
 + Level 3.7 Earth Magic


You had 3 spell levels left.
You knew the following spells:

 Your Spells              Type           Power      Damage    Failure   Level
a - Sandblast             Erth           32%        2d9       3%          1
p - Passwall              Tmut/Erth      9%         N/A       9%          2
s - Stone Arrow           Conj/Erth      18%        3d8       22%         3

Your spell library contained the following spells:

 Spells                   Type           Power      Damage    Failure   Level
 Poisonous Vapours        Pois/Air       4%         N/A       24%         2
 Petrify                  Tmut/Erth      11%        N/A       52%         4
 Corpse Rot               Necr/Pois/Air  2%         N/A       85%         4


Dungeon Overview and Level Annotations

Branches:
Dungeon (3/15) Zot: 15402

Altars:

Shops:
D:1 ?


Innate Abilities, Weirdness & Mutations

You are small and have problems with some larger weapons.
You are completely attuned to the shadows.


Message History

Found a stone staircase leading down.
A ball python comes into view.
There is a stone staircase leading down here.
The blast of sand hits the ball python!
You kill the ball python!
Magic restored.
An adder comes into view.
The helpless adder fails to defend itself.
You puncture the adder!
You kill the adder!
An iguana comes into view.
The iguana hisses angrily.
The blast of sand hits the iguana.
The iguana is lightly wounded.
The blast of sand hits the iguana.
The iguana is heavily wounded.
The iguana bites you!
The blast of sand misses the iguana.
The iguana bites you. x2
You are too injured to fight recklessly!
You are too injured to fight recklessly!
Aiming: Sandblast (safe; 3% risk of failure)
Press: ? - help, Q - select action, (/) - cycle Shift-Dir - straight line, f/p - iguana
Aim: an iguana (heavily wounded, 84% to hit)
The blast of sand hits the iguana but does no damage.
The iguana is heavily wounded.
The iguana misses you. The iguana attacks as you move away!
The iguana barely misses you. The iguana attacks as you move away!
The iguana barely misses you.
Casting: Sandblast (safe; 3% risk of failure)
Confirm with . or Enter, or press ? or * to list all spells.
Aiming: Passwall (safe; 9% risk of failure)
Press: ? - help, Dir - move target, p - iguana A rock wall.
The iguana bites you!
* * * LOW HITPOINT WARNING * * *
You begin to meditate on the wall.
You continue meditating on the rock.
The iguana barely misses you.
You continue meditating on the rock.
The iguana bites you!
You die...

#####.######......
.......#..........
#.###..#.###..####
#<.# #..# #.##
#..# #....###..#
##........#
.######.##
#...@...#
#...l...#
........#
........#
........# ........
####....


You could see an iguana.

Vanquished Creatures
  2 adders
  A worm (D:2)
  2 dart slugs
  3 orcs (D:2)
  5 ball pythons
  5 endoplasms
  3 giant cockroaches
  6 goblins (D:2)
  4 hobgoblins
  6 kobolds (D:1)
  3 quokkas
  5 bats
  2 frilled lizards
  2 rats
49 creatures vanquished.

Notes
Turn   | Place    | Note
-------+----------+-------------------------------------------
     0 | D:1      | mortz the Kobold Earth Elementalist began the quest for the
                  | Orb.
     0 | D:1      | Reached XP level 1. HP: 10/10 MP: 3/3
   124 | D:1      | Reached XP level 2. HP: 15/15 MP: 1/5
   194 | D:1      | Found Biosenui's Magic Scroll Shoppe.
   560 | D:1      | Reached XP level 3. HP: 19/19 MP: 3/6
   885 | D:1      | Bought a scroll of identify for 22 gold pieces
   885 | D:1      | Bought a scroll of noise for 11 gold pieces
  1397 | D:2      | Learned a level 2 spell: Passwall
  1401 | D:2      | Learned a level 3 spell: Stone Arrow
  1611 | D:2      | Reached XP level 4. HP: 14/24 MP: 6/8
  2519 | D:3      | Mangled by an iguana

Illustrated notes

Levels and vault maps discovered:
D:1:      amcnicky_arrival_underground_garden, layout_rooms, serial_shops, shop,
          serial_bayou_lake_a
D:2:      minmay_diamond_boxcup, layout_loops_ring, chequers_garden,
          minmay_heptomino_d4
D:3:      layout_basic, kennysheep_potato, uniq_grinder

Skill      XL: |  1  2  3 |
---------------+----------+-----
Dodging        | 3 |  3.0
Stealth        | 3 |  3.8
Spellcasting   | 3 |  3.1
Transmutations | |  1.1
Earth Magic    | |  3.7

Action                   |  1- 3 |  4- 6 || total
-------------------------+-------+-------++-------
Melee: Dagger            |    14 |     9 ||    23
       Short sword       |     1 |       ||     1
 Cast: Sandblast         |    27 |    17 ||    44
       Passwall          |       |     2 ||     2
  Use: Scroll            |     4 |     1 ||     5
 Stab: Sleeping          |    13 |     9 ||    22
Armor: Robe              |     1 |     4 ||     5
Dodge: Dodged            |    11 |    15 ||    26
